 Dungeon Crawl Stone Soup version 0.28-a0-1038-g9c4cb8273d (webtiles) character file.

Game seed: 6793587904253484120

47 ragingrage the Chopper (level 3, 0/31 HPs)
             Began as a Palentonga Fighter on Dec 8, 2021.
             Slain by Pargi (3 damage)
             ... in a sewer.
             The game lasted 00:02:08 (1347 turns).

ragingrage the Chopper (Palentonga Fighter)         Turns: 1347, Time: 00:02:08

Health: 0/31       AC:  5    Str: 19    XL:     3   Next: 48%
Magic:  0/3        EV:  9    Int:  8    God:
Gold:   57         SH:  4    Dex: 11    Spells: 2/2 levels left

rFire   . . .      SeeInvis +   i - +1 whip (freeze)
rCold   . . .      Faith    .   c - +0 buckler
rNeg    . . .      Spirit   +   k - +0 leather armour {rPois}
rPois   +          Reflect  .   (no helmet)
rElec   .          Harm     .   h - +0 cloak
rCorr   .          Rampage  .   (no gloves)
Will    .....                   (no barding)
Stlth   +.........              f - amulet of guardian spirit
HPRegen 0.10/turn               (no ring)
MPRegen 0.08/turn               (no ring)

@: mighty
A: large, rugged brown scales 3, see invisible, deformed body, roll 1, armoured
tail
a: Rolling Charge


You were in a sewer.
You visited 1 branch of the dungeon, and saw 3 of its levels.
You also visited: Sewer.

You collected 57 gold pieces.

Inventory:

Hand Weapons
 a - a +0 war axe
 i - a +1 whip of freezing (weapon)
Armour
 c - a +0 buckler (worn)
 h - a +0 cloak (worn)
 k - a +0 leather armour of poison resistance (worn)
Jewellery
 f - an amulet of guardian spirit (around neck)
Scrolls
 e - 2 scrolls of identify {unknown}
 g - a scroll of immolation {unknown}
Potions
 j - a potion of heal wounds {unknown}


   Skills:
 + Level 3.1 Fighting
 * Level 3.8 Axes
 - Level 2.4 Armour
 - Level 2.4 Shields


You had 2 spell levels left.
You didn't know any spells.
Your spell library was empty.

Dungeon Overview and Level Annotations

Branches:
Dungeon (3/15)              Sewer (1/1)

Altars:

Annotations:
Sewer Pargi


Innate Abilities, Weirdness & Mutations

You are completely covered in rugged brown scales. (AC +3, +7% HP)
You have supernaturally acute eyesight. (SInv)
Armour fits poorly on your strangely shaped body.
You can roll at nearby foes to attack.
You have a long armoured tail.


Message History

Pargi is nearby!
Pargi is nearby!
An adder comes into view.
You enter the shallow water.
Moving in this stuff is going to be slow.
The adder hisses angrily.
Pargi bites you. Pargi closely misses you. You block Pargi's attack.
Pargi bites you. Pargi claws you but does no damage. x2
You whack Pargi! You freeze Pargi.
Pargi is moderately wounded.
Pargi closely misses you. Pargi barely misses you. Pargi claws you.
You barely miss Pargi.
Your tail-slap misses Pargi.
Pargi is moderately wounded.
The adder closely misses you. Pargi bites you. Pargi completely misses you.
Pargi barely misses you.
You whack Pargi! You freeze Pargi.
Pargi is heavily wounded.
The adder bites you.
Pargi snarls, "Go!
Away!"
Pargi closely misses you. Pargi claws you but does no damage. x2
The adder bites you.
You barely miss Pargi.
Pargi is heavily wounded.
The adder closely misses you. You block Pargi's attack. Pargi claws you. x2
You hit Pargi. You freeze Pargi.
Your tail-slap misses Pargi.
Pargi is severely wounded.
The adder closely misses you. You block Pargi's attack.
Pargi claws you but does no damage. x2
You feel very mighty all of a sudden. The adder completely misses you.
Pargi bites you.
* * * LOW HITPOINT WARNING * * *
Pargi closely misses you. Pargi claws you but does no damage.
You block the adder's attack.
Unknown command.
You whack Pargi! You freeze Pargi.
Pargi is almost dead.
Pargi bites you.
* * * LOW HITPOINT WARNING * * *
Pargi claws you.
You die...

##≈≈≈≈≈≈≈≈ #≈≈≈≈≈≈≈≈.
#≈≈≈≈≈≈≈≈## ≈≈≈≈≈≈≈≈≈.
#≈≈≈≈≈≈≈.# #≈≈≈≈≈≈..
#≈≈≈≈≈≈≈# #≈≈≈≈≈T##
#≈≈≈≈≈≈S@# ≈≈≈≈≈≈≈≈≈###
#≈≈≈≈≈≈≈≈.≈#
#≈≈≈≈≈≈≈≈≈≈## ####
##≈≈≈≈≈≈≈≈≈.# ###∩∩##.≈≈
#≈≈≈≈≈≈≈≈≈≈####..≈≈≈.≈≈≈
###≈≈≈≈≈≈≈≈.##≈.≈≈≈≈≈≈≈≈
#≈≈≈≈≈≈≈≈≈†≈≈≈≈≈≈≈≈≈≈≈
##≈≈≈≈≈≈≈≈≈≈≈≈≈≈≈≈≈≈≈≈


You could see Pargi and an adder.

Vanquished Creatures
  A dart slug (D:1)
  A bat (D:1)
  5 endoplasms
  4 giant cockroaches (D:3)
  3 goblins
  4 hobgoblins
  3 jackals (D:3)
  2 kobolds (D:1)
  5 quokkas
  5 ball pythons
  3 frilled lizards
  A rat (D:1)
37 creatures vanquished.

Notes
Turn   | Place    | Note
-------+----------+-------------------------------------------
     0 | D:1      | ragingrage the Palentonga Fighter began the quest for the
                  | Orb.
     0 | D:1      | Reached XP level 1. HP: 19/19 MP: 1/1
   116 | D:1      | Reached XP level 2. HP: 25/25 MP: 2/2
  1058 | D:2      | Reached XP level 3. HP: 31/31 MP: 3/3
  1118 | D:2      | Noticed an ogre
  1131 | D:3      | Found a faded altar of an unknown god.
  1302 | D:3      | Found a glowing drain.
  1318 | Sewer    | Entered a sewer
  1334 | Sewer    | Noticed Pargi
  1347 | Sewer    | Slain by Pargi

Illustrated notes

Levels and vault maps discovered:
D:1:      elethiomel_arrival_maze, layout_loops_ring, serial_aquarium,
          aquarium_bridge_square [aquarium_subvault_bridge,
          aquarium_subvault_window, aquarium_subvault_wall,
          aquarium_subvault_window], aquarium_bridge_long_separate
          [aquarium_subvault_bridge, aquarium_subvault_bridge,
          aquarium_subvault_bridge, aquarium_subvault_bridge,
          aquarium_subvault_wall, aquarium_subvault_wall], aquarium_window_1,
          aquarium_window_2, aquarium_view_2b
D:2:      layout_rooms, basic_altar, serial_shops, shop_fountains,
          uniq_crazy_yiuf_cottage, uniq_terence
D:3:      layout_basic, portal_sewer_entry_f,
          hellmonk_ecumenical_altar_dog_temple
Sewer:    sewer_co_pargi_island

Skill      XL: |  1  2 |
---------------+-------+-----
Axes           | 3 |  3.8
Fighting       | |  3.1
Armour         | |  2.4
Shields        | |  2.4

Action                   || total
-------------------------++-------
Melee: War axe           ||    48
       Tailslap          ||    11
       Whip              ||    56
 Abil: Rolling Charge    ||     7
  Use: Potion            ||     1
Armor: Scale mail        ||    18
       Leather armour    ||    28
Dodge: Dodged            ||    42
Block: Buckler           ||    24

Table legend: (Time is in decaauts)
 A = Elapsed time spent in this place.
 B = Non-inter-level travel time spent in this place.
 C = Inter-level travel time spent in this place.
 D = Time resting spent in this place.
 E = Time spent auto-exploring this place.
 F = Levels seen in this place.
 G = Mean time per level.
                   A        B        C        D        E       F      G
               +--------+--------+--------+--------+--------+-----+--------+
         Total |   1369 |   1308 |     61 |     70 |    914 |   4 |  342.2 |
       Dungeon |   1335 |   1274 |     61 |     70 |    914 |   3 |  445.0 |
         Sewer |     33 |     33 |      0 |      0 |      0 |   1 |   33.0 |
               +--------+--------+--------+--------+--------+-----+--------+

Top non-repeatable levels by time:
     D:1: 1067 daAuts
     D:3: 195 daAuts
     D:2: 72 daAuts
   Sewer: 33 daAuts
